[Event "*** Titled Tuesday Blitz"]
[Site "Chess.com"]
[Date "2021.02.16"]
[Round "1"]
[White "bocah_sakit"]
[Black "Kapitan_Bayan"]
[Result "0-1"]
[WhiteElo "2845"]
[BlackElo "2452"]
[TimeControl "180+1"]
[EndTime "10:08:40 PST"]
[Termination "Kapitan_Bayan won by checkmate"]

1. e4 Nc6 2. d4 d5 3. e5 Bf5 4. c3 Qd7 5. Nf3 f6 6. b4 h5 7.
Bd3 Nh6 8. O-O O-O-O 9. Re1 Bxd3 10. Qxd3 Qf5 11. Qd1 e6 12. Qa4 fxe5 13. b5 e4 14. Nh4 Qg4 15. bxc6 Qxh4 16. cxb7+ Kb8 17. h3 Ng4 18. Be3 Bd6 19. Na3 Nxe3 20. Rxe3 Bxa3 21. Qxa3 Rhf8 22. Re2 g5 23. Qe7 Rde8 24. Qh7 Rh8 25. Qf7 Rhf8 26. Qh7 Rh8 27. Qg6 Rhg8 28. Qf6 Rgf8 29. Qe5 g4 30. Qg3 Qxg3 31. fxg3 gxh3 32. gxh3 Rf3 33. Kh2 Rg8 34. Rg1 Rxc3 35. Rf2 Rd3 36. Rf6 Rxd4 37. Rxe6 Rd2+ 38. Rg2 Rxg2+ 39. Kxg2 Kxb7 40.
Re5 Kc6 41. Rxh5 d4 42. Re5 e3 43. Kf3 Kd6 44. Re4 c5 45. h4 Kd5 46. Re7 Rf8+ 47. Ke2 Rf2+ 48. Ke1 Rg2 49. h5 Rxg3 50. h6 Rh3 51. h7 Kc4 52. Ke2 Rh2+ 53. Kf3 Kd3 54. Kg3 Rh1 55. Kg2 Rh6 56. Rxa7 c4 57. a4 c3 58. Rc7 e2 59. Re7 c2 60. Re6 Rxh7 61. Rg6 e1=Q 62. Rg3+ Qxg3+ 63. Kxg3 c1=Q 64. Kg4 Qe3 65.
Kf5 Rf7+ 66. Kg6 Qe6+ 67. Kg5 Rf5+ 68. Kh4 Qg6 69. Kh3 Rh5# 0-1

[Event "*** Titled Tuesday Blitz"]
[Site "Chess.com"]
[Date "2021.02.16"]
[Round "1"]
[White "Logman74"]
[Black "Vanina1989"]
[Result "0-1"]
[WhiteElo "2394"]
[BlackElo "2735"]
[TimeControl "180+1"]
[EndTime "10:08:40 PST"]
[Termination "Vanina1989 won by checkmate"]

1. e4 c6 2. d4 d5 3. exd5 cxd5 4. c4 Nf6 5. Nc3 g6 6. Qb3 Bg7 7. cxd5 O-O 8. Be2 Na6 9. Bf3 Qb6 10. Qxb6 axb6 11.
Nge2 Rd8 12. d6 Rxd6 13. Bf4 Rd7 14. O-O Nb4 15. a3 Nd3 16. Bc1 e5 17. Rd1 exd4 18. Rxd3 dxc3 19. Rxd7 Nxd7 20. Nxc3 Nc5 21. Be3 Be6 22. g3 Nd3 23. Rb1 Nxb2 24. Rxb2 Bxc3 25. Rxb6 Rxa3 26. Kg2 Ra1 27. Rxb7 Bc4 28. h4 Kg7 29. h5 gxh5 30. Kh2 h4 31. Rc7 hxg3+ 32. fxg3 Ra2+ 33. Kh3 Be6+ 34. Bg4 Bxg4+ 35. Kxg4 Be5 36. Rc5 f6 37. Bf4 Bxf4 38. Kxf4 Kg6 39. Kg4 Ra4+ 40.
Kf3 h5 41. Rb5 Rd4 42. Ra5 Rg4 43. Rb5 Rg5 44. Rb4 Ra5 45. Rc4 Kg5 46. Rb4 Rc5 47. Ra4 Rc3+ 48. Kg2 Re3 49. Rb4 f5 50. Ra4 Re4 51.
Ra8 Re6 52. Ra4 Rb6 53. Ra5 Rh6 54. Ra4 Rh7 55. Rb4 Rc7 56. Ra4 Rc2+ 57. Kh3 Re2 58.
Rb4 Re3 59. Rb8 f4 60. Rb5+ Kh6 61. Rb6+ Kh7 62. Rb7+ Kg6 63. Rb6+ Kf7 64. Kh4 fxg3 65. Kxh5 g2 66. Rb7+ Kf6 67. Rb6+ Kf5 68. Rb1 Rh3# 0-1

[Event "*** Titled Tuesday Blitz"]
[Site "Chess.com"]
[Date "2021.02.16"]
[Round "1"]
[White "Funo09"]
[Black "ikhasu"]
[Result "1/2-1/2"]
[WhiteElo "2764"]
[BlackElo "2420"]
[TimeControl "180+1"]
[EndTime "10:08:41 PST"]
[Termination "Game drawn - insufficient material"]

1. e4 c5 2. Nc3 g6 3. Bc4 Bg7 4.
f4 Nc6 5. Nf3 e6 6. f5 Nge7 7.
fxe6 dxe6 8. d3 O-O 9. O-O Nd4 10.
Kh1 Nec6 11. Be3 Nxf3 12. Rxf3 b6 13. Bb3 Nd4 14. Rf2 Qh4 15. Qd2 Be5 16. Bf4 Bxf4 17. Rxf4 Qh5 18. Raf1 Bb7 19. Qf2 f5 20. exf5 Rxf5 21.
Qe1 Rxf4 22. Rxf4 Qg5 23. Bxe6+ Kh8 24. Rg4 Qe7 25. Qe5+ Qg7 26. Qxg7+ Kxg7 27. Bb3 Re8 28. Ne4 h5 29. Rf4 Nxb3 30. axb3 g5 31. Rf5 Bxe4 32.
dxe4 Rxe4 33. Kg1 Kg6 34. Rf2 Re1+ 35. Rf1 Re2 36. Rf2 Re3 37. Rd2 Re1+ 38. Kf2 Rb1 39. Ke3 Rxb2 40. Rd6+ Kf5 41. Kd3 Ra2 42. Rh6 h4 43.
Rh7 a5 44. g3 hxg3 45. hxg3 a4 46. bxa4 Rxa4 47. Rb7 Rd4+ 48. Ke3 Rb4 49. c3 Rb3 50. Kd3 b5 51. Kc2 c4 52. Rb6 Kg4 53. Rg6 Kf5 54.
Rg8 g4 55. Rf8+ Ke4 56. Rf4+ Ke5 57. Rxg4 b4 58. Rxc4 Rxc3+ 59. Rxc3 bxc3 60. Kxc3 Ke4 61.
Kd2 Kf3 62. Kd3 Kxg3 1/2-1/2

[Event "*** Titled Tuesday Blitz"]
[Site "Chess.com"]
[Date "2021.02.16"]
[Round "1"]
[White "AlexNovitz"]
[Black "zeitnot2006"]
[Result "0-1"]
[WhiteElo "2191"]
[BlackElo "2527"]
[TimeControl "180+1"]
[EndTime "10:08:47 PST"]
[Termination "zeitnot2006 won on time"]

1. e4 c5 2. Nf3 e6 3. d4 cxd4 4. Nxd4 Nc6 5. Nc3 Qc7 6. Be2 a6 7. O-O Nf6 8. Be3 Be7 9. Qd2 d6 10. f4 O-O 11. Bf3 Bd7 12. g4 Nxd4 13. Bxd4 e5 14.
Be3 exf4 15. Bxf4 Bxg4 16. Bxg4 Nxg4 17. Nd5 Qc5+ 18. Kh1 Bh4 19. Bg3 Bxg3 20. hxg3 Rae8 21. Rae1 Re5 22. Kg2 Rfe8 23. Rf4 h5 24. Nc3 b5 25. a3 a5 26. Ref1 Ne3+ 27. Kh3 Nxf1 28. Rxf1 b4 29. Nd5 Rxd5 30. exd5 Re5 31. axb4 axb4 32. c4 bxc3 33. bxc3 Qxd5 34. Qf4 Qe6+ 35. Kh2 Re2+ 36. Rf2 Rxf2+ 37. Qxf2 Qe5 38. Kh3 Qxc3 39. Qf5 Qe5 40. Qc8+ Kh7 41. Qc2+ g6 42. Qd2 Kg7 43. Kg2 d5 44.
Kh2 h4 45. Kh1 hxg3 46. Kg2 d4 47. Qd3 f5 48. Qa6 Qf6 49. Qb7+ Kh6 50. Kxg3 f4+ 51. Kf3 Qf5 52. Qb2 d3 53. Qh8+ Kg5 54. Qh2 Kf6 55. Qh8+ Ke7 56. Qd4 Kf7 57. Qc4+ Kg7 58. Qc7+ Qf7 59.
Qc3+ Qf6 60. Qc7+ Kg8 61. Qc4+ Kf8 62. Qxd3 g5 63. Kg4 Kg7 64. Qd7+ Qf7 65. Qd5 Kg6 66. Qe4+ Kg7 67. Qe5+ Qf6 68. Qc7+ Kh6 69. Qc2 f3 70. Kg3 Qe5+ 71. Kf2 Qf4 0-1

[Event "*** Titled Tuesday Blitz"]
[Site "Chess.com"]
[Date "2021.02.16"]
[Round "1"]
[White "LEGENYA1998"]
[Black "DenishevM"]
[Result "0-1"]
[WhiteElo "2278"]
[BlackElo "2590"]
[TimeControl "180+1"]
[EndTime "10:08:54 PST"]
[Termination "DenishevM won on time"]

1. d4 Nf6 2. c4 c5 3. dxc5 e6 4. Nf3 Bxc5 5. Nc3 O-O 6. e3 d5 7. cxd5 exd5 8. Be2 Nc6 9. a3 a6 10. b4 Ba7 11. Bb2 Bg4 12. O-O Rc8 13. Rc1 Re8 14. h3 Bh5 15. b5 Bxf3 16. Bxf3 Ne5 17. bxa6 bxa6 18. Be2 Nc4 19. Bxc4 dxc4 20. Ne2 Ne4 21. Bd4 Bxd4 22. Nxd4 c3 23. Qa4 Qb6 24. Rfd1 Qf6 25. Nf3 h6 26. Rd4 Nc5 27. Qc2 Ne6 28. Rd3 Rb8 29.
Qxc3 Qf5 30. Rdd1 a5 31. Nd4 Nxd4 32. Qxd4 Qg5 33. Qd5 Qf6 34. Rb1 Rxb1 35. Rxb1 Qc3 36. Rb7 Rf8 37. Kh2 Qxa3 38. Ra7 Qb2 39. Rxa5 Qxf2 40.
Qf3 Qxf3 41. gxf3 Re8 42. e4 g6 43. Kg3 Kg7 44. Kf4 Rc8 45. Ra7 Rc1 46. Kg3 Rh1 47.
Kg2 Re1 48. Kg3 h5 49. h4 Rg1+ 50. Kh3 Kf6 51. Ra6+ Ke5 52. Ra7 f6 53. Kh2 Rb1 54. Kg3 Rb5 55. Ra4 Rc5 56. Kf2 Kf4 57. Kg2 Rc2+ 58.
Kh3 Kxf3 59. Ra6 f5 60. exf5 gxf5 61. Rh6 Rc1 62. Kh2 Kg4 63. Rf6 Rc2+ 64. Kg1 f4 0-1

[Event "*** Titled Tuesday Blitz"]
[Site "Chess.com"]
[Date "2021.02.16"]
[Round "1"]
[White "MasterKroket"]
[Black "night_player"]
[Result "1/2-1/2"]
[WhiteElo "2506"]
[BlackElo "2166"]
[TimeControl "180+1"]
[EndTime "10:08:55 PST"]
[Termination "Game drawn by repetition"]

1. d4 f5 2. c4 d6 3. Nf3 Nf6 4. Nc3 g6 5. g3 Bg7 6. Bg2 O-O 7. O-O c6 8. d5 e5 9. dxe6 Bxe6 10. b3 Qc7 11. Bf4 Rd8 12. Rc1 Na6 13. Ng5 Bf7 14. e4 Nh5 15. Be3 fxe4 16. Nxf7 Qxf7 17. Nxe4 Qf8 18. Ng5 Re8 19. Re1 Kh8 20. Qd2 Nc5 21. b4 Ne6 22. Ne4 Red8 23. Red1 d5 24. cxd5 Rxd5 25.
Qc2 Rxd1+ 26. Rxd1 Qxb4 27. Rb1 Qe7 28. Qb3 b6 29. a4 Rb8 30. a5 Nf6 31. Nxf6 Bxf6 32. Bxc6 Nc5 33. Qc4 Rc8 34. Bg2 Qc7 35. axb6 axb6 36.
Bh3 Rd8 37. Qb5 Nd7 38. Rd1 Ne5 39. Rxd8+ Qxd8 40. Qe2 Qd6 41. Bg2 Kg7 42. f4 Nd3 43. Be4 Nc5 44. Bf3 Qd3 45. Qf2 Qb1+ 46. Kg2 Qb5 47.
Qd2 Qd3 48. Qc1 Qb5 49. h4 Qb2+ 50. Qxb2 Bxb2 51. Be2 Kf6 52. Kf3 h6 53. g4 Ne6 54.
Bc4 Nd4+ 55. Ke4 Nc6 56. Bxb6 Ne7 57. Bd8 Ba3 58. g5+ hxg5 59. hxg5+ Kg7 60. Ke5 Nf5 61. Ke6 Bc1 62. Bf6+ Kh7 63. Be5 Ne3 64. Bb5 Ng2 65.
f5 gxf5 66. Kxf5 Ne3+ 67. Ke6 Ng4 68. Bd3+ Kg8 69. Bf6 Nxf6 70. gxf6 Kf8 71. Bb5 Bb2 72. f7 Bc3 73. Bc6 Bb4 74. Kf5 Ba3 75. Bd7 Bb4 76. Bc6 Ba3 77. Bd7 Bb4 78. Bc6 1/2-1/2

[Event "*** Titled Tuesday Blitz"]
[Site "Chess.com"]
[Date "2021.02.16"]
[Round "1"]
[White "bogcsab"]
[Black "L1m96"]
[Result "0-1"]
[WhiteElo "2179"]
[BlackElo "2519"]
[TimeControl "180+1"]
[EndTime "10:08:58 PST"]
[Termination "L1m96 won on time"]

1. d4 Nf6 2. c4 e6 3. Nf3 b6 4. g3 Ba6 5. Nbd2 c5 6. Bg2 Bb7 7. O-O cxd4 8. Nxd4 Bxg2 9. Kxg2 Nc6 10. Nxc6 dxc6 11. Qc2 Bd6 12. Ne4 Nxe4 13. Qxe4 Qc7 14. Bf4 Bxf4 15. Qxf4 Qxf4 16. gxf4 Ke7 17. Rad1 Rhd8 18.
Kf3 a5 19. e3 a4 20. Ke2 Ra5 21. Rxd8 Kxd8 22. Rg1 g6 23. Rg5 Ra8 24. h4 h6 25.
Rg1 Ke7 26. Rh1 Ra5 27. Kf3 Rc5 28. b3 axb3 29. axb3 Ra5 30. Rd1 Ra3 31. Rd3 Ra1 32. Kg3 Rg1+ 33. Kh2 Rc1 34. Kg3 Rb1 35. Kg2 b5 36.
cxb5 cxb5 37. e4 Re1 38. f3 Rc1 39. Kh2 Rb1 40. Kg2 Kf6 41. Kh2 Rb2+ 42. Kg3 Kg7 43. Kh3 Kf6 44. Kg3 b4 45. Kh3 Rc2 46. Rd4 Rc3 47.
Rxb4 Rxf3+ 48. Kg4 Rc3 49. e5+ Kg7 50. h5 Re3 51. Rb7 Rd3 52. b4 Rd4 53. hxg6 Kxg6 54. b5 Rd3 55. b6 h5+ 56. Kh4 Rf3 57. Rb8 Rxf4+ 58. Kg3 Rg4+ 59. Kh3 Rb4 60. Rg8+ Kh7 61.
Rf8 Kg7 62. Rb8 Rb5 63. b7 Rb4 64. Kg3 Kh7 65. Kh3 Rb5 66. Kg3 Kg7 67. Kh3 Rb4 68. Kg3 h4+ 69. Kh3 Kh7 70. Kh2 Rb3 71. Kg2 h3+ 72.
Kh2 Kg7 73. Kg1 Rb2 74. Kh1 h2 75. Rc8 Rxb7 76. Kxh2 Rb5 77. Kg3 Rxe5 0-1

[Event "*** Titled Tuesday Blitz"]
[Site "Chess.com"]
[Date "2021.02.16"]
[Round "1"]
[White "AttilaTurzo"]
[Black "sorch29"]
[Result "0-1"]
[WhiteElo "2491"]
[BlackElo "2156"]
[TimeControl "180+1"]
[EndTime "10:09:03 PST"]
[Termination "sorch29 won by resignation"]

1. d4 Nf6 2. Nf3 g6 3. Bg5 Bg7 4. c3 O-O 5. Nbd2 d6 6. e4 Nbd7 7. Be2 c5 8. dxc5 Nxc5 9. Qc2 b6 10. O-O Bb7 11. e5 dxe5 12. Nxe5 Qd5 13. Ndf3 Rad8 14. Rfe1 Qe4 15. Qxe4 Ncxe4 16. Be3 Nd5 17. Bc1 f6 18. Nd3 e5 19. c4 Nc7 20. Nb4 Nc5 21. Nd2 Rd7 22. Nf1 Rfd8 23. Be3 f5 24. Rad1 e4 25. Bc1 a5 26. Nc2 Rxd1 27. Rxd1 Rxd1 28. Bxd1 Nd3 29. Be3 Nxb2 30. Be2 Na8 31. Nd4 Ba6 32. Nb5 Na4 33. Nd2 Nc5 34. Nb3 Nxb3 35. axb3 Kf7 36. h4 Ke6 37. Kf1 Kd7 38. Ke1 Kc6 39. Nd4+ Kd7 40. g3 Nc7 41. Kd2 Be5 42. Kc2 Bd6 43. h5 Bc5 44.
hxg6 hxg6 45. Kc3 Ne6 46. Nc2 Kc6 47. Nd4+ Nxd4 48. Bxd4 Kd6 49. Bf1 Ke6 50. Be2 g5 51. Bd1 Bb7 52. Be2 Kf7 53. Bh5+ Ke6 54. Be8 Bc8 55. Bc6 Bd7 56. Bd5+ Kd6 57. Be3 Bxe3 58. fxe3 Ke5 59. b4 axb4+ 60. Kxb4 f4 61. gxf4+ gxf4 62. exf4+ Kxf4 63. c5 bxc5+ 64. Kxc5 e3 65. Bc4 Kf3 66. Kd4 Kf2 67. Kc3 Bg4 68. Kc2 Be2 69. Bd5 Bb5 0-1

[Event "*** Titled Tuesday Blitz"]
[Site "Chess.com"]
[Date "2021.02.16"]
[Round "1"]
[White "The_filthy"]
[Black "korbul"]
[Result "1-0"]
[WhiteElo "2329"]
[BlackElo "2596"]
[TimeControl "180+1"]
[EndTime "10:09:05 PST"]
[Termination "The_filthy won by checkmate"]

1. e4 c5 2. Nf3 e6 3. d4 cxd4 4. Nxd4 Nf6 5. Nc3 d6 6. Be3 a6 7. f3 b5 8. Qd2 Bb7 9. O-O-O Nc6 10. g4 Rc8 11. Bd3 Be7 12. h4 O-O 13. h5 h6 14.
Nxc6 Bxc6 15. Rdg1 d5 16. e5 d4 17. Bxd4 Nd5 18.
Kb1 Nxc3+ 19. Bxc3 Bxf3 20. Rh3 Bg5 21. Qf2 Bd5 22.
Bb4 Be7 23. Bxe7 Qxe7 24. g5 hxg5 25. h6 g6 26. h7+ Kh8 27. Qe3 b4 28. Rxg5 a5 29.
Rg1 a4 30. Rh2 a3 31. b3 Qc5 32. Qg5 f5 33. Qxg6 Qxg1+ 34. Qxg1 Rf7 35. Bc4 Rg7 36.
Qe1 Bxc4 37. bxc4 Rxc4 38. Rh1 Rcg4 39. Qd1 Rxh7 40. Qd8+ Rg8 41. Qf6+ Rg7 42. Rxh7+ Kxh7 43. Kc1 Rg6 44. Qf7+ Rg7 45. Qxe6 Rg1+ 46. Kd2 Rg2+ 47. Kd3 Rf2 48. Qf6 b3 49. cxb3 Rxa2 50. Kc3 Rg2 51. Qf7+ Kh6 52. Qxf5 a2 53. Qf6+ Kh7 54. Qf7+ Kh6 55. Qf8+ Kh7 56. Qf5+ Kh6 57. Qf4+ Kh7 58. Qe4+ Kh6 59. Qxg2 a1=Q+ 60. Kc4 Qxe5 61. Qd5 Qe2+ 62. Kc5 Qc2+ 63. Qc4 Qf5+ 64. Kc6 Qf3+ 65. Qd5 Qc3+ 66.
Kd6 Qb4+ 67. Kd7 Kg7 68. Qc4 Qb7+ 69. Kd6 Qb6+ 70. Kd5 Kh8 71. Qd4+ Qxd4+ 72. Kxd4 Kg7 73. Kc5 Kf7 74. Kc6 Ke7 75. Kc7 Ke6 76. b4 Kd5 77. b5 Kc4 78. b6 Kb5 79. b7 Ka6 80.
b8=Q Ka5 81. Qb1 Ka4 82. Kc6 Ka3 83. Kc5 Ka4 84. Qb4# 1-0

[Event "*** Titled Tuesday Blitz"]
[Site "Chess.com"]
[Date "2021.02.16"]
[Round "1"]
[White "albi1999"]
[Black "ChadBiryani"]
[Result "1-0"]
[WhiteElo "2607"]
[BlackElo "2306"]
[TimeControl "180+1"]
[EndTime "10:09:05 PST"]
[Termination "albi1999 won by resignation"]

1. d4 f5 2. e4 fxe4 3. Nc3 Nf6 4. Bg5 b6 5. f3 exf3 6. Nxf3 Bb7 7. Bd3 e6 8. O-O Be7 9. Ne5 O-O 10. Bxf6 Rxf6 11.
Qh5 Rh6 12. Qf7+ Kh8 13. Rf2 Nc6 14. Ng4 Rh4 15. Qf4 Bg5 16. Qg3 Nxd4 17. Raf1 Qg8 18.
Ne5 Bf6 19. Rxf6 gxf6 20. Ng6+ hxg6 21. Qxh4+ Kg7 22. Qxd4 Qf7 23. Be4 Bxe4 24. Nxe4 e5 25. Qf2 Rf8 26. Qh4 Qe6 27. h3 d5 28. Nf2 Rh8 29.
Qg3 c5 30. Ng4 Rf8 31. Qh4 Rh8 32. Qxf6+ Qxf6 33. Rxf6 Re8 34. Rd6 d4 35. Nf6 Re7 36. Ne4 c4 37. a4 Rf7 38. Re6 Rf5 39. g3 Kf7 40. Rc6 Ke7 41. Rxc4 Kd7 42. b3 Rf3 43. Kg2 Re3 44. Nf2 Re2 45. Kf3 Re3+ 46. Kg2 Kd6 47. Kf1 Kd5 48. g4 e4 49. Rc8 Rf3 50. Rd8+ Kc5 51. Ke2 Rf4 52. Re8 Kd5 53. g5 Rh4 54. Rd8+ Ke5 55. Rg8 e3 56. Nd3+ Kf5 57. Rd8 Kxg5 58.
Rd5+ Kf6 59. b4 Ke6 60. Rd8 g5 61. b5 Rxh3 62. Rxd4 Kf5 63. Rd5+ Ke4 64. Rxg5 Rh2+ 65. Kf1 Rxc2 66. Nb4 Rb2 67. Nc6 Kf4 68. Rd5 Kf3 69.
Rf5+ Ke4 70. Rf8 Kd3 71. Rd8+ Ke4 72. Ke1 Kf3 73. Nd4+ Ke4 74. Ne2 Ra2 75. Rd1 Rxa4 76. Nc3+ Ke5 77. Nxa4 Ke4 78. Ke2 1-0

[Event "*** Titled Tuesday Blitz"]
[Site "Chess.com"]
[Date "2021.02.16"]
[Round "1"]
[White "Genghis_K"]
[Black "zverr1"]
[Result "0-1"]
[WhiteElo "2897"]
[BlackElo "2469"]
[TimeControl "180+1"]
[EndTime "10:09:11 PST"]
[Termination "zverr1 won by resignation"]

1. e4 e6 2. d4 d5 3. Nd2 c5 4. Ngf3 Nc6 5. exd5 exd5 6. Bb5 Qe7+ 7. Be2 Qc7 8. O-O cxd4 9. Nb3 Nf6 10. Nbxd4 Be7 11. c3 O-O 12. Bg5 a6 13. Bh4 h6 14. Bg3 Bd6 15. Bd3 Bg4 16. Qc2 Rac8 17. Bf5 Bxf3 18.
Nxf3 Rcd8 19. Rad1 Bxg3 20. hxg3 Rfe8 21. Nd4 Qb6 22. Qb3 Qxb3 23. Nxb3 Re2 24. Rb1 d4 25. Bd3 Re7 26. c4 Nb4 27. Nc1 Nd7 28. a3 Nxd3 29.
Nxd3 Ne5 30. Nxe5 Rxe5 31. Rfe1 Rxe1+ 32. Rxe1 d3 33. Rd1 Kf8 34. f3 Rd4 35. b3 Ke7 36. Kf2 b5 37. Ke3 Rd6 38. c5 Rg6 39. g4 f5 40. Kf4 fxg4 41. fxg4 Rf6+ 42. Kg3 Kd7 43. Rxd3+ Kc6 44. b4 a5 45. Kh4 axb4 46. axb4 Rf4 47. Rb3 g6 48. Kg3 Rc4 49. Kf3 g5 50. Rb2 Rf4+ 51. Kg3 Rc4 52. Rb1 Rc3+ 53. Kf2 Rc4 54. Kf3 Rf4+ 55. Kg3 Rc4 56. Rb3 Kc7 57. Kh3 Kc6 58. Rb2 Kc7 59. Rb1 Kc6 60. Kg3 Rc3+ 61. Kf2 Rc4 62. Kf3 Rf4+ 63. Kg3 Rc4 64. Rb3 Kc7 65.
Kh3 Kc6 66. g3 Kc7 67. Rb1 Kc6 68. Rb2 Kc7 69. Rb3 Kc6 70. Rb1 Kc7 71. Rb2 Kc6 72.
Rb1 Kc7 73. Rb3 Kc6 74. Rb2 Kc7 75. Rb1 Kc6 76. Ra1 Rxb4 77. Ra6+ Kxc5 78. Rxh6 Rd4 79. Rg6 Rd5 80. Kg2 Re5 81. Kf3 b4 82. Rg8 Kc4 83. Rc8+ Kb3 84. Rb8 Kc3 85. Rc8+ Kb2 86. Rb8 b3 87.
Rb7 Kc2 88. Rc7+ Kb1 89. Rb7 b2 90. Rb8 Kc2 91. Rc8+ Kb3 92. Rb8+ Kc3 93. Rc8+ Kb4 94. Rb8+ Rb5 0-1

[Event "*** Titled Tuesday Blitz"]
[Site "Chess.com"]
[Date "2021.02.16"]
[Round "1"]
[White "Korchmar_Vasiliy"]
[Black "ChelsieMonica"]
[Result "1-0"]
[WhiteElo "2619"]
[BlackElo "2318"]
[TimeControl "180+1"]
[EndTime "10:09:14 PST"]
[Termination "Korchmar_Vasiliy won on time"]

1. e4 e5 2. Nf3 Nc6 3. Nc3 Nf6 4. Bb5 Be7 5. Bxc6 dxc6 6. Nxe5 Nxe4 7. Qf3 Nf6 8. O-O O-O 9. d3 h6 10. Bf4 Bd6 11.
Rfe1 a6 12. h3 Re8 13. Re2 Be6 14. Rae1 Nd5 15. Bd2 Nxc3 16. Bxc3 Bd5 17. Qh5 Qg5 18. Qxg5 hxg5 19. f3 b5 20. b3 f6 21. Ng4 Kf7 22. Nf2 Bc5 23. Kf1 f5 24. Rxe8 Rxe8 25. Rxe8 Kxe8 26. Bxg7 Kf7 27. Be5 Bb6 28. c4 Be6 29. Ke2 a5 30. Nd1 a4 31. Nc3 axb3 32. axb3 Ba5 33.
Nd1 g4 34. fxg4 fxg4 35. Nf2 gxh3 36. gxh3 Kg6 37. Kf3 Kh5 38. Kg2 Bf5 39. Ne4 Kh4 40.
Bf6+ Kh5 41. Ng3+ Kg6 42. Nxf5 Kxf6 43. Nd4 bxc4 44. bxc4 c5 45. Nb3 Bb4 46. Kf3 Kg5 47. Kg3 Be1+ 48. Kf3 Bb4 49. Ke4 Kh4 50. Kd5 Kxh3 51.
Nxc5 Kg4 52. Na6 Ba5 53. Kc6 Kf4 54. d4 Ke4 55. d5 Kd4 56. Nxc7 Kxc4 57. d6 Bb4 58. d7 Be7 59. Nb5 Bd8 60. Nd6+ Kd4 61. Nf7 Be7 62. Nh6 Ke5 63. Ng4+ Ke6 64. Ne3 Bd8 65.
Nd5 Bh4 66. Nc7+ Kf7 67. Na8 Bd8 68. Nb6 Ke7 69. Nd5+ Ke6 70. Nf4+ Ke7 71. Nd3 Ke6 72. Nc5+ Kf7 73. Kb7 Ke7 74. Kc8 Bb6 75. Na4 Ba5 76. Nc3 Kd6 77. Nb5+ Kc6 78. Nd4+ Kd6 79. Nb3 Bb6 80. Nd2 1-0

[Event "*** Titled Tuesday Blitz"]
[Site "Chess.com"]
[Date "2021.02.16"]
[Round "1"]
[White "Nozdrachev_Leonid"]
[Black "IngOscarArdila"]
[Result "1-0"]
[WhiteElo "2508"]
[BlackElo "2146"]
[TimeControl "180+1"]
[EndTime "10:09:14 PST"]
[Termination "Nozdrachev_Leonid won on time"]

1. e4 e5 2. Nf3 Nf6 3. Nxe5 d6 4. Nf3 Nxe4 5. Nc3 Nxc3 6. dxc3 Be7 7. Be3 O-O 8. Bd3 Nd7 9. Qd2 Nf6 10. O-O-O c5 11. c4 b5 12. cxb5 a6 13. bxa6 Bxa6 14. Bxa6 Rxa6 15. a3 Qb8 16. Rhe1 Rb6 17. c4 Ne4 18.
Qc2 f5 19. Bd2 Bf6 20. Bc3 Nxc3 21. bxc3 Rb3 22. Re3 Rxa3 23. Kd2 Rb3 24. Ke1 Rb2 25. Qd3 Re8 26. Qd5+ Kh8 27. Qxd6 Bxc3+ 28. Kf1 Rxe3 29.
fxe3 h6 30. Qxb8+ Rxb8 31. Rd5 Rb1+ 32. Kf2 Rb2+ 33. Kg3 g6 34. Rxc5 Re2 35. Rc8+ Kg7 36. Re8 Kf7 37. Rc8 Rxe3 38. Kf2 f4 39. c5 Rd3 40.
Rc7+ Kf6 41. Rc6+ Kf7 42. Ra6 Bd4+ 43. Nxd4 Rxd4 44. Kf3 Rc4 45. c6 g5 46. Kg4 Rc2 47. Kf5 Ke7 48. Ra7+ Kd6 49. Rh7 Kxc6 50. Rxh6+ Kd5 51. Kxg5 Rxg2+ 52. Kxf4 Rf2+ 53. Kg5 Rg2+ 54. Kf5 Rf2+ 55. Kg4 Ke5 56. h4 Rg2+ 57. Kh5 Kf5 58.
Rh8 Rg7 59. Rf8+ Ke6 60. Kh6 Rg4 61. h5 Ke7 62. Rf5 Ke6 63. Rf2 Ke7 64. Kh7 Ke6 65. h6 Ke7 66. Rf3 Ke8 67. Rf6 Ke7 68. Rg6 Rh4 69. Kg7 Rf4 70. h7 Rf7+ 71. Kh6 Rf1 72. h8=Q Rh1+ 73. Kg7 Rxh8 74. Kxh8 1-0

[Event "*** Titled Tuesday Blitz"]
[Site "Chess.com"]
[Date "2021.02.16"]
[Round "1"]
[White "paulrusan"]
[Black "Sadykov_Ramil"]
[Result "1/2-1/2"]
[WhiteElo "2243"]
[BlackElo "2545"]
[TimeControl "180+1"]
[EndTime "10:09:18 PST"]
[Termination "Game drawn - timeout vs insufficient material"]

1. e4 c5 2. b4 d5 3. exd5 Nf6 4. bxc5 Nxd5 5. d4 e5 6. c3 Nc6 7. Nf3 Bg4 8. Be2 Be7 9. Nxe5 Bxe2 10. Qxe2 Nxe5 11. Qxe5 O-O 12. O-O Bf6 13. Qg3 b6 14. cxb6 Qxb6 15. Nd2 Rac8 16. Ne4 Nxc3 17. Nxc3 Rxc3 18.
Qxc3 Bxd4 19. Be3 Bxc3 20. Bxb6 axb6 21. Rab1 Bd4 22. Rfd1 Bc5 23. a4 Ra8 24. Rb5 g6 25. a5 Ra6 26. g4 Kg7 27. Rdb1 Rxa5 28. Rxa5 bxa5 29. Rb5 Bb4 30. g5 h6 31. h4 hxg5 32.
hxg5 Bd2 33. Kg2 a4 34. Rd5 Bc1 35. Kg3 a3 36. f4 Bb2 37. Ra5 Kf8 38. Kf3 Ke7 39. Ke4 Kd6 40. Kd3 Kc6 41. Kc2 Kd6 42. Kb3 Ke6 43. Ra6+ Kf5 44. Ra4 Bc1 45. Kc2 Bxf4 46. Rxa3 Kxg5 47. Kd3 f5 48. Ke2 Kg4 49. Kf2 g5 50. Kg2 Be5 51. Rb3 f4 52. Ra3 Bd4 53.
Rb3 Be3 54. Rb4 Kh4 55. Rb8 Kg4 56. Rb4 Kf5 57. Rb5+ Kf6 58. Kf3 Bd2 59. Kg4 Bc1 60. Rxg5 f3 61. Rf5+ Ke6 62. Rxf3 Bb2 63. Rb3 Be5 64. Kf3 Bh2 65. Ke4 Kd6 66. Rb5 Kc6 67.
Rh5 Bg1 68. Kd3 Kb7 69. Kc4 Kc6 70. Rh6+ Kb7 71. Kd5 Kc7 72. Rg6 Be3 73. Re6 Bf2 74. Re2 Bg3 75. Kc5 Bf4 76. Re7+ Kb8 77. Kc6 Ka8 78.
Kb6 Bb8 79. Ka6 Bd6 80. Rd7 Bb8 1/2-1/2

[Event "*** Titled Tuesday Blitz"]
[Site "Chess.com"]
[Date "2021.02.16"]
[Round "1"]
[White "TC2304"]
[Black "MPGM"]
[Result "0-1"]
[WhiteElo "2318"]
[BlackElo "2618"]
[TimeControl "180+1"]
[EndTime "10:09:20 PST"]
[Termination "MPGM won by checkmate"]

1. d4 d5 2. c4 e6 3. Nc3 c5 4. cxd5 exd5 5. Nf3 Nf6 6. g3 Nc6 7. Bg2 cxd4 8. Nxd4 Bc5 9. Be3 Qb6 10. Nxc6 Bxe3 11.
Nxd5 Bxf2+ 12. Kf1 Nxd5 13. Qxd5 Be6 14. Qf3 Bc5 15.
b4 Be3 16. Ne5 Bd4 17. Qxb7 Qxb7 18. Bxb7 Bxa1 19. Bxa8 Bxe5 20. Kg2 Ke7 21. Bf3 Bxa2 22. Rc1 Rb8 23. Rc5 Bd6 24. Ra5 Rxb4 25. Rxa2 Bc5 26. Ra5 Bb6 27. Re5+ Kf6 28. Rd5 g6 29. Rd3 Ke7 30.
Bd5 f5 31. Rb3 Rd4 32. Bf3 h5 33. Rd3 Rb4 34. Re3+ Kf6 35. Rd3 Ke5 36. Rd7 a5 37.
Rg7 Kf6 38. Rd7 a4 39. Rd6+ Kg7 40. Rd3 Bc5 41. Bd5 Rb2 42. Kf3 a3 43. Rd1 Kf6 44.
Bc4 Rb4 45. Bd5 g5 46. h3 g4+ 47. hxg4 hxg4+ 48. Kg2 Rb2 49. Kf1 Bd6 50. Bc4 Bxg3 51.
Ra1 Bd6 52. Rd1 Be5 53. Ra1 Rc2 54. Rxa3 Rxc4 55. Ra6+ Kg5 56. Kg2 Re4 57. Kf2 Bd4+ 58. Kf1 g3 59. Ra8 g2+ 60. Kxg2 Rxe2+ 61. Kf3 Rf2+ 62.
Kg3 f4+ 63. Kh3 Rf3+ 64. Kg2 Rg3+ 65. Kh2 Kg4 66. Rg8+ Kf3 67. Ra8 Rg2+ 68. Kh3 Rg1 69. Ra3+ Be3 70. Ra2 Rg8 71. Kh4 Rh8+ 72. Kg5 Kg3 73.
Ra3 Rc8 74. Kf5 Re8 75. Ra7 f3 76.
Rg7+ Kf2 77. Rh7 Ke2 78. Kg4 f2 79. Rh2 Ke1 80. Rh1+ f1=Q 81. Rxf1+ Kxf1 82. Kf3 Ke1 83. Kg2 Kd2 84. Kf3 Kd3 85. Kg4 Ke4 86. Kh3 Rg8 87. Kh2 Kf3 88. Kh1 Rh8# 0-1

[Event "*** Titled Tuesday Blitz"]
[Site "Chess.com"]
[Date "2021.02.16"]
[Round "1"]
[White "pirulillo"]
[Black "m_ezat"]
[Result "1-0"]
[WhiteElo "2163"]
[BlackElo "2494"]
[TimeControl "180+1"]
[EndTime "10:09:20 PST"]
[Termination "pirulillo won by checkmate"]

1. e4 c6 2. d4 d5 3. Nc3 dxe4 4. Nxe4 Bf5 5. Ng3 Bg6 6. h4 h6 7. Nf3 Nd7 8. h5 Bh7 9. Bd3 Bxd3 10. Qxd3 e6 11.
Bd2 Ngf6 12. O-O-O Be7 13. Ne4 Nxe4 14. Qxe4 Nf6 15.
Qe2 Qd5 16. Kb1 Qe4 17. Qxe4 Nxe4 18. Be3 f5 19. Ne5 f4 20. Ng6 fxe3 21. Nxh8 exf2 22.
Ng6 Ng3 23. Rhf1 Nxf1 24. Rxf1 Bf6 25. c3 O-O-O 26. Rxf2 Rd5 27. g4 Rg5 28. Rf4 Kd7 29. Re4 Kd6 30. Kc2 c5 31. Kd3 cxd4 32. cxd4 a5 33.
a4 b5 34. b3 bxa4 35. bxa4 Kc7 36. Nf8 Rd5 37. Nxe6+ Kb6 38. Nf4 Rd8 39. Re6+ Kc7 40. d5 Rb8 41. Ra6 Rb3+ 42. Ke4 Rb4+ 43. Kf5 Rxa4 44.
Ne6+ Kb8 45. d6 Rb4 46. Rxa5 Rb6 47. Rd5 Kc8 48. d7+ Kb7 49. d8=Q Bxd8 50. Rxd8 Rb5+ 51.
Kg6 Re5 52. Re8 Kb6 53. Kxg7 Re4 54. Kxh6 Rxg4 55. Ng5 Kc7 56. Re6 Kd7 57. Rg6 Rf4 58.
Nh7 Ke7 59. Ng5 Rf8 60. Rg7+ Kf6 61. Rg6+ Kf5 62. Kh7 Rd8 63. Ne6 Rd7+ 64. Ng7+ Kf4 65. h6 Ke5 66. Re6+ Kd5 67. Re8 Kd6 68. Kh8 Rf7 69.
h7 Kd7 70. Ra8 Kc6 71. Kg8 Ra7 72. Rxa7 Kb6 73. h8=Q Kxa7 74. Qh6 Kb7 75. Qd6 Kc8 76. Qe7 Kb8 77. Qd7 Ka8 78. Ne6 Kb8 79. Nc5 Ka8 80.
Qb7# 1-0